AoeStats
← vitor_age2

Hideout

509082557Analyzed
1v1 RM · 5d ago on Sep 25, 2026· 52m 50s· 2 players
Game mode
Random Map
Map size
Tiny (2 player)
Population
200
Speed
Normal
Resources
Standard
Victory
Conquest
Starting age
Dark Age
Ending age
Imperial Age
RankedLock teamsTeams togetherTeam positionsShared explorationLock speedFull tech treeHidden civsTurbo modeCheats
Victory
Defeat
🇨🇳 Wei · China
797
+15
🇧🇷 Varangians · Brazil
772
-15
vitor_age2
10:46 Feudal Age
15:25 Castle Age
13:15 Double-Bit Axe
14:12 Horse Collar
16:56 Fletching
25:25 Loom
31:04 Bloodlines
31:18 Scale Barding Armor
31:59 Light Cavalry
33:33 Bow Saw
34:28 Forging
35:41 Wheelbarrow
36:33 Chain Barding Armor
41:32 Husbandry
43:28 Hand Cart
45:15 Iron Casting
48:22 Imperial Age
48:41 Cavalier
51:08 Plate Barding Armor
风清扬
0:43 Loom
12:07 Feudal Age
12:40 Man-at-Arms
22:25 Castle Age
20:56 Double-Bit Axe
21:21 Horse Collar
22:10 Gold Mining
23:09 Heavy Plow
23:29 Stone Mining
26:40 Bow Saw
30:16 Fletching
31:02 Padded Archer Armor
30:57 Bodkin Arrow
31:43 Gold Shaft Mining
31:43 Stone Shaft Mining
32:00 Scale Mail Armor
32:45 Leather Archer Armor
33:21 Stone Shaft Mining
33:11 Bloodlines
34:11 Husbandry
35:16 Wheelbarrow
36:09 Scale Barding Armor
36:15 Forging
36:22 Chain Mail Armor
36:25 Pikeman
44:53 Imperial Age
43:17 Iron Casting
44:15 Chain Barding Armor
44:45 Hand Cart
44:26 Light Cavalry
46:34 Blast Furnace
46:07 Ring Archer Armor
46:55 Chemistry
47:06 Parthian Tactics
47:24 Bracer
47:42 Heavy Hei Guang Cavalry
48:13 Capped Ram
49:19 Halberdier
51:19 Elite Tiger Cavalry
51:23 Siege Ram
Connection lost

Rejoining the realm…

Still unreachable

The connection could not be restored.

Session expired

The server has moved on; the page needs a fresh start.